 Dungeon Crawl Stone Soup version 0.18-b1-18-g7758cf2 (webtiles) character file.

140 misterX the Sneak (level 5, -9/26 HPs)
             Began as a Spriggan Assassin on May 2, 2016.
             Killed from afar by a white imp (12 damage)
             ... with a puff of frost
             ... on level 4 of the Dungeon.
             The game lasted 00:22:03 (7080 turns).

misterX the Sneak (Spriggan Assassin)               Turns: 7080, Time: 00:22:07

Health: -9/26      AC:  3    Str:  7    XL:     5   Next: 2%
Magic:  6/6        EV: 19    Int: 14    God:
Gold:   26         SH:  0    Dex: 17    Spells: 0 memorised, 4 levels left

rFire  . . .     SeeInvis +     y - +0 long sword (holy)
rCold  . . .     Gourm    .     u - +0 robe
rNeg   . . .     Faith    .     (shield currently unavailable)
rPois  .         Spirit   .     (helmet restricted)
rElec  .         Dismiss  .     d - +0 cloak
rCorr  .         Reflect  .     (gloves unavailable)
SustAt .         Harm     .     (boots unavailable)
MR     .....                    (no amulet)
Stlth  ++++......               (no ring)
                                (no ring)

@: very quick, not resistant to hostile enchantments, stealthy
A: unfitting armour, see invisible, herbivore 3, speed 3, slow metabolism 2
a: no special abilities


You were on level 4 of the Dungeon.
You were not hungry.

You visited 1 branch of the dungeon, and saw 4 of its levels.

You collected 124 gold pieces.
You spent 98 gold pieces at shops.

Inventory:

Hand Weapons
 a - a +2 dagger
 b - a +0 blowgun
 g - a +0 club
 l - a +0 dagger
 n - a +0 spear
 x - a +0 hand axe
 y - a +0 long sword of holy wrath (weapon)
Missiles
 e - 8 poisoned needles
 f - 2 curare-tipped needles
 i - 147 stones (quivered)
Armour
 c - a +0 robe
 d - a +0 cloak (worn)
 u - a +0 robe (worn)
Jewellery
 o - a +2 ring of strength {unknown}
Scrolls
 j - a scroll of random uselessness {unknown}
 k - a scroll of teleportation {unknown}
 p - 2 scrolls of remove curse {unknown}
 s - 2 scrolls of amnesia {unknown}
 w - 7 scrolls of identify {unknown}
Potions
 h - 2 potions of haste {unknown}
 m - a potion of degeneration {unknown}
 q - a potion of heal wounds {unknown}
 r - a potion of curing {unknown}
 t - 3 potions of might {unknown}
Comestibles
 v - 2 bread rations


   Skills:
 + Level 2.0 Fighting
 + Level 2.9 Short Blades
 + Level 2.1 Throwing
 + Level 4.2 Dodging
 + Level 7.5 Stealth


You had 4 spell levels left.
You didn't know any spells.

Dungeon Overview and Level Annotations

Branches:
Dungeon (4/15)
 Temple: D:4-7

Altars:
Pakellas

Shops:
D:4 (


Innate Abilities, Weirdness & Mutations

You are tiny and cannot use many weapons and most armour.
You have supernaturally acute eyesight.
You are a herbivore.
You cover ground extremely quickly.
You need consume almost no food.


Message History

You start resting.
Found 18 bolts.
You start resting.
A white imp comes into view.
Found 18 bolts.
You enter the shallow water.
Moving in this stuff is going to be slow.
A white imp is nearby!
You enter the shallow water.
Moving in this stuff is going to be slow.
The helpless white imp fails to defend itself.
You hit the white imp but do no damage. The white imp misses you.
You barely miss the white imp. The white imp completely misses you.
You closely miss the white imp. The white imp gestures at you.
The puff of frost hits you!
* * * LOW HITPOINT WARNING * * *
The white imp gestures at you. The puff of frost hits you!
You die...

......#.#...#
.....##.##..#
###..#...#..# #(##...##.#
#.#..≈..#.# #.#.≈≈≈.#.#
#.#.≈≈≈.#.#
###########.#.≈≈≈.#.#
#...........#.@≈..#.# #
#.#########.##.5(##.##.###
#.# #..#####.......#
#.#########..............#
#.....g........###.......#
#####g########.# #.#.....#
##.#.#######.# #.#.....#
#.#..........# #.###.###
##..g###########.# .#


You could see a white imp.

Vanquished Creatures
  2 adders
  3 gnolls
  A worm (D:3)
  3 dart slugs (D:1)
  2 giant geckos
  An orc (D:3)
  2 ball pythons (D:3)
  6 giant cockroaches
  6 goblins
  12 hobgoblins
  7 jackals
  3 quokkas
  8 bats
  3 giant newts
  7 kobolds
  10 rats
76 creatures vanquished.

Notes
Turn   | Place    | Note
--------------------------------------------------------------
     0 | D:1      | misterX the Spriggan Assassin began the quest for the Orb.
     0 | D:1      | Reached XP level 1. HP: 10/10 MP: 2/2
   195 | D:1      | Reached skill level 6 in Stealth
   225 | D:1      | Reached XP level 2. HP: 6/14 MP: 3/3
  1295 | D:1      | Reached XP level 3. HP: 18/18 MP: 4/4
  2521 | D:1      | Reached skill level 7 in Stealth
  3679 | D:2      | Found an oddly glowing altar of Pakellas.
  3804 | D:1      | Reached XP level 4. HP: 3/23 MP: 5/5
  6457 | D:4      | Found Zityfill's Antique Weapon Emporium.
  6464 | D:4      | Bought a runed long sword for 98 gold pieces
  6982 | D:4      | Reached XP level 5. HP: 3/26 MP: 6/6
  7080 | D:4      | Killed from afar by a white imp

Skill      XL: |  1  2  3  4 |
---------------+-------------+-----
Stealth        | 6 7 |  7.5
Dodging        | 2 3 4 |  4.2
Fighting       | 2 |  2.0
Short Blades   | |  2.9
Throwing       | |  2.1

Action                   |  1- 3 |  4- 6 || total
-------------------------+-------+-------++-------
Melee: Dagger            |   165 |    92 ||   257
       Long sword        |       |    15 ||    15
Throw: Stone             |    15 |       ||    15
 Stab: Sleeping          |     5 |    12 ||    17
       Distracted        |     1 |     2 ||     3
  Eat: Bread ration      |       |     1 ||     1
Armor: Robe              |    27 |    15 ||    42
Dodge: Dodged            |   165 |   108 ||   273
